 Dungeon Crawl Stone Soup version 0.20.0-15-g7f486f2 (webtiles) character file.

393 spacegravy the Skirmisher (level 6, -15/57 HPs)
             Began as a Hill Orc Fighter on June 10, 2017.
             Demolished by an ogre
             ... wielding a +0 giant club
              (28 damage)
             ... on level 3 of the Dungeon on June 11, 2017.
             The game lasted 00:20:47 (3445 turns).

spacegravy the Skirmisher (Hill Orc Fighter)        Turns: 3445, Time: 00:20:48

Health: -15/57     AC:  8    Str: 21    XL:     6   Next: 81%
Magic:  6/6        EV:  7    Int: 10    God:
Gold:   155        SH: 11    Dex: 10    Spells: 5/5 levels left

rFire    . . .     SeeInvis .   a - +0 war axe
rCold    . . .     Gourm    .   c - +0 shield
rNeg     . . .     Faith    .   b - +0 scale mail
rPois    .         Spirit   .   (no helmet)
rElec    .         Reflect  +   (no cloak)
rCorr    .         Harm     .   (no gloves)
MR       .....                  (no boots)
Stlth    ..........             m - +2 amulet of reflection
Regen    0.2/turn               (no ring)
MPRegen  0.1/turn               (no ring)

@: no status effects
A: clever 1, shaggy fur 1
a: no special abilities


You were on level 3 of the Dungeon.
You were near starving.

You visited 1 branch of the dungeon, and saw 4 of its levels.

You collected 155 gold pieces.


Innate Abilities, Weirdness & Mutations

Your mind is acute. (Int +2)
You are covered in fur. (AC +1)


   Skills:
 + Level 6.1 Fighting
 + Level 5.9 Axes
 + Level 4.8 Armour
 - Level 3.4 Shields


You had 5 spell levels left.
You didn't know any spells.

Inventory:

Hand Weapons
 a - a +0 war axe (weapon)
Armour
 b - a +0 scale mail (worn)
 c - a +0 shield (worn)
Jewellery
 m - a +2 amulet of reflection (around neck)
 o - an uncursed amulet of guardian spirit
 t - an uncursed amulet of magic regeneration {unknown}
Scrolls
 g - a scroll of fear {unknown}
 l - 2 scrolls of identify {@r1}
 r - a scroll of blinking {unknown}
 u - a scroll of amnesia
 w - a scroll of immolation {unknown}
 y - a scroll of enchant weapon {unknown}
Potions
 d - 2 potions of might
 h - 2 potions of flight
 i - a potion of resistance {unknown}
 k - a potion of berserk rage {unknown}
 n - a potion of cancellation
 q - a potion of degeneration {unknown}
 v - a potion of heal wounds {unknown}
 x - a potion of brilliance {unknown}
Comestibles
 f - 5 bread rations
 j - 3 royal jellies
 s - 2 meat rations

Dungeon Overview and Level Annotations

Branches:
Dungeon (4/15)
 Temple: D:4-7

Altars:
Cheibriados
Kikubaaqudgha
Nemelex Xobeh
Ru
Vehumet
Xom
Yredelemnul

▒.▒▒...▒▒..▒▒▒.▒▒▒...▒.▒ ▒.▒
▒...........▒▒.......▒.▒▒▒▒▒.▒
...▒▒........................▒
▒..▒▒....▒.....▒.▒.▒▒▒..▒▒▒▒.▒
▒..▒▒▒▒▒.▒▒▒...▒.▒.▒ ▒.>▒ ▒.▒
▒.▒▒ ▒.▒ ▒...▒.▒.▒▒▒..▒ ▒.▒
..▒▒▒▒▒▒.▒ ▒...▒.▒.▒.▒..▒▒▒▒.▒
........▒▒ ▒..<▒.▒.▒.▒.......▒
▒.▒▒▒▒▒.▒▒▒▒....oO.[....▒▒▒▒▒▒
▒.▒ ▒.............▒.▒▒.▒ ▒.▒
▒▒.▒▒▒▒▒..▒>▒▒▒.▒▒.▒ ..▒ ▒.▒
▒..▒.▒▒▒.▒▒.▒ ▒.▒ ▒.▒
▒..▒.....▒▒.▒
▒.▒▒▒▒▒.▒▒▒▒▒..▒.▒▒▒.▒▒▒▒
▒.....................▒
▒.▒▒▒▒▒▒.▒▒▒▒....▒▒▒.▒▒▒▒▒
▒.▒▒ ▒.▒ ▒.▒▒.▒ ▒.....▒


You could see an ogre.


Message History

Things that are here:
a short sword a kobold corpse
There is a stone staircase leading down here.
You climb downwards.
There is a stone staircase leading up, spattered with blood here.
Done exploring.
The ogre shouts!
The ogre hits you with a giant club!
You hit the ogre.
The ogre is moderately wounded.
The ogre barely misses you.
Your shield prevents you from hitting the ogre.
The ogre is moderately wounded.
The ogre closely misses you.
You closely miss the ogre.
The ogre is lightly wounded.
The ogre barely misses you.
You slash the ogre!
The ogre is severely wounded.
The ogre hits you with a giant club!!
* * * LOW HITPOINT WARNING * * *
You hit the ogre.
The ogre is severely wounded.
The ogre hits you with a giant club!
* * * LOW HITPOINT WARNING * * *
You hit the ogre but do no damage.
The ogre is severely wounded.
The ogre hits you with a giant club!!
You die...

Action                   |  1- 3 |  4- 6 || total
-------------------------+-------+-------++-------
Melee: War axe           |   126 |   173 ||   299
  Use: Scroll            |       |     6 ||     6
       Potion            |       |     2 ||     2
  Eat: Chunk             |     2 |     5 ||     7
Armor: Scale mail        |    82 |    55 ||   137
Dodge: Dodged            |    42 |    52 ||    94
Block: Shield            |    86 |    95 ||   181

Vault maps used:
D:1:      minmay_arrival_radiant_lines, minmay_misc_feat_square,
          minmay_close_crescents
D:3:      nicolae_ru_path_of_blood, first_bread, minmay_misc_feat_plants,
          doesnt_xom_only_xom
D:4:      uniq_menkaure

Notes
Turn   | Place    | Note
-------+----------+-------------------------------------------
     0 | D:1      | spacegravy the Hill Orc Fighter began the quest for the Orb.
     0 | D:1      | Reached XP level 1. HP: 19/19 MP: 1/1
    77 | D:1      | Reached skill level 3 in Axes
    77 | D:1      | Reached XP level 2. HP: 27/27 MP: 2/2
   377 | D:1      | Reached skill level 4 in Fighting
   531 | D:1      | Reached XP level 3. HP: 33/33 MP: 3/3
  1329 | D:2      | Reached skill level 4 in Axes
  1329 | D:2      | Reached XP level 4. HP: 41/41 MP: 4/4
  1737 | D:2      | Reached skill level 5 in Fighting
  1737 | D:2      | Reached skill level 4 in Armour
  1909 | D:2      | Reached XP level 5. HP: 43/48 MP: 5/5
  2240 | D:3      | Found a sacrificial altar of Ru.
  2285 | D:3      | Found a radiant altar of Vehumet.
  2287 | D:3      | Found a snail-covered altar of Cheibriados.
  2287 | D:3      | Found a shimmering altar of Xom.
  2295 | D:3      | Found a basalt altar of Yredelemnul.
  2295 | D:3      | Found an ancient bone altar of Kikubaaqudgha.
  2295 | D:3      | Found a sparkling altar of Nemelex Xobeh.
  2407 | D:3      | Reached skill level 5 in Axes
  2835 | D:4      | Reached XP level 6. HP: 49/56 MP: 6/6
  2857 | D:4      | Noticed Menkaure
  2874 | D:4      | Killed Menkaure
  2874 | D:4      | Reached skill level 6 in Fighting
  3105 | D:3      | HP: 1/57 [ogre/giant club (19)]
  3107 | D:3      | Gained mutation: You expend magic power (3 MP) to strengthen your wands. [potion of mutation]
  3107 | D:3      | Lost mutation: You expend magic power (3 MP) to strengthen your wands. [potion of mutation]
  3107 | D:3      | Gained mutation: You are covered in fur. (AC +1) [potion of mutation]
  3107 | D:3      | Gained mutation: Your mind is acute. (Int +2) [potion of mutation]
  3445 | D:3      | Demolished by an ogre

Vanquished Creatures
  Menkaure (D:4)
  A scorpion (D:4)
  A worker ant (D:4)
  A hound skeleton (D:4)
  4 gnolls
  6 adders
  An ooze (D:2)
  3 dart slugs
  3 leopard geckos
  5 orcs (D:3)
  3 giant cockroaches
  10 goblins
  6 hobgoblins
  4 jackals (D:2)
  8 kobolds
  7 quokkas
  A ball python (D:1)
  8 bats
  3 frilled lizards
  A leopard gecko skeleton (D:4)
  8 rats
85 creatures vanquished.
